AoeStats
← gtzilas

Hill Fort

506928336Analyzed
4v4 RM · 18d ago on Sep 15, 2026· 52m 52s· 8 players
Game mode
Random Map
Map size
Large (8 player)
Population
200
Speed
Normal
Resources
Standard
Victory
Conquest
Starting age
Dark Age
Ending age
Imperial Age
RankedLock teamsTeams togetherTeam positionsShared explorationLock speedFull tech treeHidden civsTurbo modeCheats
Victory
Defeat
🇺🇸 Byzantines · United States
1016
+13
🇦🇷 Hindustanis · Argentina
1016
+13
🇵🇪 Hindustanis · Peru
977
+15
🇿🇦 Tupi · South Africa
884
+19
🇬🇧 Poles · United Kingdom
968
-16
🇬🇷 Japanese · Greece
962
-15
🇬🇷 Bulgarians · Greece
947
-15
🇨🇿 Goths · Czechia
932
-14
Gladiator
3:57 Loom
13:25 Feudal Age
16:17 Double-Bit Axe
18:50 Horse Collar
23:49 Castle Age
24:40 Wheelbarrow
26:51 Stone Mining
27:03 Heavy Plow
27:14 Bow Saw
29:58 Pikeman
30:39 Squires
30:51 Scale Barding Armor
30:57 Forging
34:10 Gold Mining
37:29 Bloodlines
40:21 Husbandry
46:46 Hand Cart
LiMe86
11:27 Loom
14:49 Feudal Age
16:40 Double-Bit Axe
16:43 Horse Collar
21:08 Castle Age
20:00 Forging
19:57 Scale Barding Armor
20:05 Bloodlines
20:11 Gold Mining
20:13 Stone Mining
22:01 Scale Mail Armor
22:53 Heavy Plow
23:11 Bow Saw
23:39 Wheelbarrow
24:57 Iron Casting
25:12 Hand Cart
25:27 Town Watch
26:33 Chain Barding Armor
29:22 Stone Shaft Mining
28:49 Pikeman
29:36 Squires
29:24 Arson
30:35 Szlachta Privileges
33:47 Imperial Age
32:40 Light Cavalry
33:27 Husbandry
33:51 Chain Mail Armor
35:18 Plate Mail Armor
35:39 Conscription
37:07 Crop Rotation
37:06 Elite Obuch
39:37 Blast Furnace
39:19 Crossbowman
40:05 Thumb Ring
40:23 Ballistics
41:04 Chemistry
40:21 Arbalester
40:58 Fletching
42:01 Bodkin Arrow
42:09 Padded Archer Armor
43:39 Bracer
madness
gtzilas
6:14 Loom
11:26 Feudal Age
12:45 Double-Bit Axe
14:36 Horse Collar
23:33 Castle Age
22:58 Stone Mining
23:38 Pikeman
25:48 Wheelbarrow
26:21 Wheelbarrow
28:41 Heavy Plow
29:00 Scale Mail Armor
29:12 Forging
31:27 Chain Mail Armor
31:48 Iron Casting
38:14 Imperial Age
36:31 Squires
40:00 Gold Mining
40:12 Halberdier
41:25 Plate Mail Armor
43:54 Blast Furnace
50:31 Padded Archer Armor
Rey Albertito
7:09 Loom
10:18 Feudal Age
11:48 Double-Bit Axe
18:31 Castle Age
19:50 Bow Saw
19:33 Horse Collar
20:54 Gold Mining
22:13 Husbandry
23:41 Town Watch
24:23 Heavy Plow
25:36 Forging
25:38 Bloodlines
30:24 Iron Casting
30:21 Scale Barding Armor
36:07 Imperial Age
35:32 Wheelbarrow
36:10 Chain Barding Armor
38:31 Blast Furnace
38:07 Plate Barding Armor
39:23 Conscription
40:27 Chemistry
39:48 Ballistics
41:20 Two-Man Saw
42:38 Elite Skirmisher
43:28 Thumb Ring
42:49 Light Cavalry
43:37 Hussar
44:53 Grand Trunk Road
45:15 Fletching
45:26 Padded Archer Armor
45:44 Masonry
decayon
5:16 Loom
13:08 Feudal Age
14:10 Horse Collar
14:16 Double-Bit Axe
18:10 Castle Age
16:30 Gold Mining
16:45 Stone Mining
19:57 Wheelbarrow
20:08 Stone Shaft Mining
19:56 Treadmill Crane
20:40 Fletching
21:11 Hand Cart
22:54 Gold Mining
23:38 Scale Barding Armor
27:19 Imperial Age
29:00 Bodkin Arrow
30:34 Bracer
30:39 Scale Barding Armor
30:45 Forging
31:09 Conscription
31:38 Ballistics
33:38 Hoardings
34:13 Murder Holes
35:19 Chemistry
34:42 Chain Barding Armor
37:55 Husbandry
42:20 Bow Saw
42:45 Heavy Plow
43:08 Fervor
43:20 Sanctity
45:04 Redemption
45:10 Block Printing
45:30 Theocracy
45:32 Logistica
0204isaias
1:55 Loom
11:08 Feudal Age
11:40 Horse Collar
11:48 Double-Bit Axe
17:24 Castle Age
15:36 Gold Mining
18:18 Heavy Plow
19:13 Forging
19:11 Scale Barding Armor
19:32 Bow Saw
20:00 Bloodlines
19:15 Light Cavalry
21:14 Husbandry
21:47 Forging
24:55 Iron Casting
24:26 Scale Barding Armor
29:01 Wheelbarrow
28:35 Town Watch
38:18 Hand Cart
38:09 Town Patrol
38:48 Gold Shaft Mining
42:34 Imperial Age
41:37 Chain Barding Armor
42:00 Stone Mining
44:36 Two-Man Saw
44:46 Chemistry
47:58 Shatagni
48:54 Conscription
48:49 Fletching
49:00 Padded Archer Armor
53:27 Ballistics
Zafar
7:14 Loom
9:52 Feudal Age
11:10 Double-Bit Axe
11:09 Horse Collar
21:55 Castle Age
20:44 Padded Archer Armor
20:35 Fletching
21:24 Stone Mining
22:36 Bodkin Arrow
22:55 Bow Saw
23:11 Heavy Plow
23:29 Gold Mining
23:58 Leather Archer Armor
24:17 Squires
23:37 Pikeman
25:33 Gold Shaft Mining
26:56 Wheelbarrow
28:29 Hand Cart
31:14 Town Watch
32:44 Scale Mail Armor
32:55 Forging
33:12 Town Patrol
36:39 Imperial Age
36:53 Ballistics
36:31 Murder Holes
36:45 Arson
37:29 Halberdier
38:50 Conscription
39:07 Hoardings
39:53 Chemistry
39:56 Two-Man Saw
38:59 Bracer
38:54 Elite Blackwood Archer
40:57 Curare
41:57 Chain Mail Armor
42:35 Iron Casting
42:31 Ring Archer Armor
41:45 Treadmill Crane
43:11 Crossbowman
43:47 Capped Ram
45:52 Elite Skirmisher
48:03 Plate Mail Armor
47:47 Siege Ram
Connection lost

Rejoining the realm…

Still unreachable

The connection could not be restored.

Session expired

The server has moved on; the page needs a fresh start.